 Dungeon Crawl Stone Soup version 0.27-a0-1136-g0b992a5a9d (webtiles) character file.

Game seed: 10552068688484970109

25 leviel the Sneak (level 3, -1/28 HPs)
             Began as a Naga Enchanter on May 6, 2021.
             Slain by a goblin
             ... wielding a +0 club
             ... led by Robin
              (3 damage)
             ... on level 2 of the Dungeon.
             The game lasted 00:03:23 (1401 turns).

leviel the Sneak (Naga Enchanter)                   Turns: 1401, Time: 00:03:23

Health: -1/28      AC:  3    Str: 10    XL:     3   Next: 6%
Magic:  4/6        EV: 10    Int: 16    God:
Gold:   41         SH:  0    Dex: 11    Spells: 1/7 levels left

rFire    . . .     SeeInvis +   a - +1 dagger
rCold    . . .     Faith    .   (no shield)
rNeg     . . .     Spirit   .   b - +0 robe
rPois    +         Reflect  .   (no helmet)
rElec    .         Harm     .   i - +0 cloak
rCorr    .         Rampage  .   (no gloves)
Will     .....                  (no barding)
Stlth    +++.......             (no amulet)
HPRegen  0.09/turn              (no ring)
MPRegen  0.10/turn              (no ring)

@: very slow
A: AC +1, large, see invisible, deformed body, poison resistance, slowness 2,
spit poison 1, naga tail 1
a: Spit Poison


You were on level 2 of the Dungeon.
You visited 1 branch of the dungeon, and saw 2 of its levels.

You collected 41 gold pieces.

Inventory:

Hand Weapons
 a - a +1 dagger (weapon)
Armour
 b - a +0 robe (worn)
 i - a +0 cloak (worn)
Scrolls
 c - 2 scrolls of identify {unknown}
 d - a scroll of magic mapping {unknown}
 f - a scroll of noise {unknown}
 g - a scroll of immolation {unknown}
 k - a scroll of enchant armour {unknown}
Potions
 e - a potion of heal wounds {unknown}
 h - a potion of brilliance {unknown}
 j - a potion of curing {unknown}


   Skills:
 + Level 0.2 Fighting
 + Level 1.1 Short Blades
 + Level 1.8 Dodging
 + Level 4.8 Stealth
 + Level 2.5 Spellcasting
 + Level 3.2 Hexes


You had one spell level left.
You knew the following spells:

 Your Spells              Type           Power      Damage    Failure   Level
a - Corona                Hex            13%        N/A       5%          1
b - Ensorcelled Hibernat  Hex/Ice        14%        N/A       16%         2
c - Confusing Touch       Hex            12%        N/A       16%         3

Your spell library contained the following spells:

 Spells                   Type           Power      Damage    Failure   Level
 Tukima's Dance           Hex            12%        N/A       16%         3
 Dazzling Flash           Conj/Hex       14%        N/A       30%         3


Dungeon Overview and Level Annotations

Branches:
Dungeon (2/15)

Altars:

Annotations:
D:2 Robin


Innate Abilities, Weirdness & Mutations

Your serpentine skin is tough. (AC +1)
You have supernaturally acute eyesight. (SInv)
Armour fits poorly on your strangely shaped body.
Your system is resistant to poisons. (rPois)
You cover ground very slowly.
You can spit poison.
You have a snake-like lower body.


Message History

A hobgoblin is nearby!
A hobgoblin is nearby!
A goblin and a hobgoblin come into view.
A goblin and Robin come into view.
Robin is wielding a +0 dagger of venom.
The goblin shouts! x2; You hear a shout! x2
A goblin comes into view. It is wielding a +0 club.
Okay, then.
The hobgoblin shouts!
The hobgoblin barely resists.
The hobgoblin shouts!
You hear a shout! x2
Robin throws the goblin at you!
A hobgoblin comes into view.
The goblin hits you with a +0 club.
You barely miss the goblin. Robin throws the goblin at you!
The goblin closely misses you.
You barely miss the goblin. The goblin barely misses you. x2
The goblin barely resists.
The goblin barely misses you. The hobgoblin hits you.
You barely miss the goblin. The goblin closely misses you.
The hobgoblin closely misses you. The hobgoblin hits you.
The goblin barely resists.
A goblin comes into view. It is wielding a +0 dagger.
The goblin hits you with a +0 dagger. The goblin hits you but does no damage.
The hobgoblin hits you.
The hobgoblin hits you but does no damage.
Robin says, "A pitiful Naga like you will never find the ORB!"
Robin roars a battlecry!
The goblins go into a battle-frenzy!
The goblin barely misses you.
Robin roars a battlecry!
The goblin goes into a battle-frenzy!
The goblin hits you with a +0 dagger.
* * * LOW HITPOINT WARNING * * *
The goblin hits you with a +0 club.
* * * LOW HITPOINT WARNING * * *
The goblin shouts!
The goblin hits you but does no damage.
There is a stone staircase leading up here.
The goblin hits you with a +0 club.
You die...

#.#####.#####.#.#.#
#.. #..#
#.#(#.#######..
##.#
#.#.#....[.....
#.##
#.#.#.#######.#
#..#
#.#.#.#######.#
##.#
#.#.#.........# #.#
#.#.#..########
#######.###.......#
........@####.#...#
#######.g#
#.#....... ##g##
#.#...#### #gg#
#.......
##g#####.#....
#gg...........
#gg####.#..... #..#
#...


You could see Robin, 3 hobgoblins and 5 goblins.

Vanquished Creatures
  A dart slug (D:1)
  2 ball pythons (D:1)
  An endoplasm (D:1)
  3 goblins (D:1)
  3 hobgoblins (D:1)
  2 jackals (D:1)
  2 kobolds (D:1)
  2 quokkas (D:1)
  2 frilled lizards (D:1)
  3 rats
21 creatures vanquished.

Notes
Turn   | Place    | Note
-------+----------+-------------------------------------------
     0 | D:1      | leviel the Naga Enchanter began the quest for the Orb.
     0 | D:1      | Reached XP level 1. HP: 15/15 MP: 3/3
   423 | D:1      | Reached XP level 2. HP: 18/22 MP: 3/5
   494 | D:1      | Learned a level 2 spell: Ensorcelled Hibernation
  1192 | D:1      | Reached XP level 3. HP: 25/28 MP: 3/6
  1196 | D:1      | Learned a level 3 spell: Confusing Touch
  1223 | D:1      | Found a faded altar of an unknown god.
  1389 | D:2      | Noticed Robin
  1401 | D:2      | Slain by a goblin

Illustrated notes

Levels and vault maps discovered:
D:1:      shiori_arrival_oz, layout_rooms, basic_ecumenical_altar, moated_statue
D:2:      layout_basic, uniq_sigmund, uniq_robin

Action                   || total
-------------------------++-------
Melee: Dagger            ||    59
 Cast: Corona            ||    22
 Stab: Sleeping          ||     1
Armor: Robe              ||     9
Dodge: Dodged            ||    31

Table legend: (Time is in decaauts)
 A = Elapsed time spent in this place.
 B = Non-inter-level travel time spent in this place.
 C = Inter-level travel time spent in this place.
 D = Time resting spent in this place.
 E = Time spent auto-exploring this place.
 F = Levels seen in this place.
 G = Mean time per level.
                   A        B        C        D        E       F      G
               +--------+--------+--------+--------+--------+-----+--------+
         Total |   1585 |   1537 |     48 |    328 |   1007 |   2 |  792.5 |
       Dungeon |   1585 |   1537 |     48 |    328 |   1007 |   2 |  792.5 |
               +--------+--------+--------+--------+--------+-----+--------+

Top non-repeatable levels by time:
     D:1: 1466 daAuts
     D:2: 119 daAuts
